 Dungeon Sprint DCSS version 0.26.1-11-gd32895ea62 (webtiles) character file.

Game seed: 3506099988524223222

502 Zeld the Cleaver (level 6, -10/60 HPs)
             Began as a Minotaur Berserker on June 8, 2021.
             Was a Priest of Trog.
             Mangled by a wyvern (17 damage)
             ... in the Dungeon (Sprint II: "The Violet Keep of Menkaure").
             The game lasted 00:00:45 (378 turns).

Zeld the Cleaver (Minotaur Berserker)                Turns: 378, Time: 00:00:46

Health: -10/60     AC:  2    Str: 23    XL:     6   Next: 95%
Magic:  5/5        EV: 14    Int:  4    God:    Trog [***...]
Gold:   486        SH:  0    Dex: 10    Spells: 5/5 levels left

rFire    . . .     SeeInvis .   a - +0 hand axe
rCold    . . .     Faith    .   (no shield)
rNeg     . . .     Spirit   .   b - +0 animal skin
rPois    .         Reflect  .   (helmet restricted)
rElec    .         Harm     .   (no cloak)
rCorr    .         Rampage  .   (no gloves)
Will     ++...     NoTele   +   (no boots)
Stlth    +.........             (no amulet)
HPRegen  1.20/turn              (no ring)
MPRegen  0.09/turn              (no ring)

@: berserk cooldown, regenerating, slowed, very slow
A: retaliatory headbutt, horns 2
a: Renounce Religion, Berserk, Trog's Hand


You were in the Dungeon.
You worshipped Trog.
Trog was most pleased with you.
You visited 1 branch You collected 486 gold pieces.

Inventory:

Hand Weapons
 a - a +0 hand axe (weapon)
Armour
 b - a +0 animal skin (worn)
Scrolls
 h - a scroll of blinking
Potions
 c - a potion of curing
 e - a potion of haste
 f - 2 potions of magic
 g - a potion of berserk rage


   Skills:
 * Level 7.2 Fighting
 - Level 14.0 Axes
 * Level 6.6 Armour
 * Level 6.0 Dodging


You had 5 spell levels left.
You didn't know any spells.
Your spell library was empty.

Dungeon Overview and Level Annotations

Branches:
Dungeon (1/1)

Altars:


Innate Abilities, Weirdness & Mutations

You reflexively headbutt those who attack you in melee.
You have a pair of horns on your head.


Message History

You hit the wyvern but do no damage. You headbutt the wyvern.
The wyvern is heavily wounded.
The wyvern bites you!
* * * LOW HITPOINT WARNING * * *
The wyvern misses you. You furiously retaliate!
You headbutt the wyvern! You hit the wyvern.
You kill the wyvern!
Trog accepts your kill.
Your Fighting skill gained 2 levels and is now at level 7!
Your Armour skill increases to level 6!
Your Dodging skill gained 2 levels and is now at level 6!
You slash the wyvern!
The wyvern is moderately wounded.
The wyvern bites you.
* * * LOW HITPOINT WARNING * * *
The wyvern misses you.
You hit the wyvern but do no damage.
The wyvern is moderately wounded.
The wyvern bites you!
You die...

##+## ##...##
#..#..# #
##.#.## # ##.
##÷## .#
#$.B##.##$#
#+.<@l#
#B°.##.##.#
##. #'## .# #
###†.## #
#.##..# § #
##†#.## §§≈
#≈≈##'##≈≈§≈§
#≈≈≈≈≈≈≈§§§§
#+++#+++#≈≈≈


You could see a wyvern.

Vanquished Creatures
  A wyvern (D)
  4 necrophages (D)
  3 worms (D)
8 creatures vanquished.

Vanquished Creatures (others)
  A water moccasin (D)
1 creature vanquished.

Grand Total: 9 creatures vanquished

Notes
Turn   | Place    | Note
-------+----------+-------------------------------------------
     0 | D        | Zeld the Minotaur Berserker began the quest for the Orb.
     0 | D        | Reached XP level 1. HP: 19/19 MP: 0/0
     1 | D        | Noticed a necrophage
     1 | D        | Noticed a necrophage
     1 | D        | Noticed a necrophage
     1 | D        | Noticed a necrophage
     4 | D        | Killed a necrophage
     5 | D        | Reached skill level 10 in Axes
     5 | D        | Reached XP level 2. HP: 26/26 MP: 1/1
     5 | D        | Reached XP level 3. HP: 31/31 MP: 2/2
     5 | D        | Reached XP level 4. HP: 39/39 MP: 3/3
    15 | D        | Killed a necrophage
    16 | D        | Reached skill level 13 in Axes
    16 | D        | Reached XP level 5. HP: 35/45 MP: 4/4
    18 | D        | Killed a necrophage
    18 | D        | Reached ** piety under Trog
    19 | D        | Reached skill level 14 in Axes
    22 | D        | Killed a necrophage
    23 | D        | Reached skill level 5 in Fighting
    23 | D        | Reached skill level 5 in Armour
    23 | D        | Reached XP level 6. HP: 31/57 MP: 5/5
   321 | D        | Killed a water moccasin
   330 | D        | Noticed a boulder beetle
   330 | D        | Noticed a boulder beetle
   347 | D        | Reached *** piety under Trog
   364 | D        | Noticed a wyvern
   364 | D        | Noticed a wyvern
   376 | D        | Killed a wyvern
   378 | D        | Mangled by a wyvern

Illustrated notes

Levels and vault maps discovered:
D:        the_violet_keep_of_menkaure [sprint2_stairs_cluster_1,
          sprint2_shoproom, sprint2_temple, sprint2_basic_supplies,
          sprint2_obstacle_5, sprint2_obstacle_2, sprint2_obstacle_6,
          sprint2_obstacle_7, sprint2_obstacle_3, sprint2_timed_cluster_1,
          sprint2_smallroom_cluster_1, sprint2_smallroom_final_cluster_1,
          sprint2_transparent_cluster_1, sprint2_second_timed_cluster_1,
          sprint2_sniper_area_1, sprint2_heavy_combat_area_1,
          sprint2_mutation_trap_area_1, sprint2_forest_area_1,
          sprint2_light_combat_area_1, sprint2_behind_water_1,
          sprint2_near_end_vault_1]

Skill      XL: |  1  2  3  4  5  6 |
---------------+-------------------+-----
Axes           | 10 13 14 | 14.0
Fighting       | 5 7 |  7.2
Armour         | 5 6 |  6.6
Dodging        | 4 6 |  6.0

Action                   |  1- 3 |  4- 6 || total
-------------------------+-------+-------++-------
Melee: Hand axe          |     2 |    34 ||    36
       Headbutt          |       |     6 ||     6
Invok: Berserk           |     1 |     1 ||     2
       Trog's Hand       |       |     1 ||     1
  Use: Potion            |       |     1 ||     1
Armor: Animal skin       |       |     1 ||     1
Dodge: Dodged            |       |    14 ||    14
